 Dungeon Crawl Stone Soup version 0.27.1-3-gb3d3a73c9e (webtiles) character file.

Game seed: 7546051824950085053

45 Crownlay the Chopper (level 3, 0/34 HPs)
             Began as a Hill Orc Fighter on Oct 23, 2021.
             Slain by an iguana (8 damage)
             ... on level 2 of the Dungeon.
             The game lasted 00:01:46 (1226 turns).

Crownlay the Chopper (Hill Orc Fighter)             Turns: 1226, Time: 00:01:46

Health: 0/34       AC:  6    Str: 19    XL:     3   Next: 64%
Magic:  3/3        EV:  9    Int:  8    God:
Gold:   40         SH:  0    Dex: 10    Spells: 2/2 levels left

rFire    . . .     SeeInvis .   a - +0 war axe
rCold    . . .     Faith    .   (no shield)
rNeg     . . .     Spirit   .   b - +0 scale mail
rPois    .         Reflect  .   (no helmet)
rElec    .         Harm     .   (no cloak)
rCorr    .         Rampage  .   (no gloves)
Will     .....                  (no boots)
Stlth    ..........             (no amulet)
HPRegen  0.11/turn              (no ring)
MPRegen  0.08/turn              (no ring)

@: no status effects
A: no striking features
a: no special abilities


You were on level 2 of the Dungeon.
You visited 1 branch of the dungeon, and saw 2 of its levels.

You collected 40 gold pieces.

Inventory:

Hand Weapons
 a - a +0 war axe (weapon)
Missiles
 f - 21 poisoned darts (quivered)
Armour
 b - a +0 scale mail (worn)
 c - a +0 kite shield
Wands
 j - a wand of digging (5)
Scrolls
 h - a scroll of holy word {unknown}
 i - a scroll of noise {unknown}
Potions
 d - a potion of might
 e - a potion of degeneration {unknown}
 g - a potion of curing {unknown}


   Skills:
 + Level 4.3 Fighting
 * Level 4.5 Axes
 - Level 3.2 Armour
 - Level 3.2 Shields


You had 2 spell levels left.
You didn't know any spells.
Your spell library was empty.

Dungeon Overview and Level Annotations

Branches:
Dungeon (2/15)

Altars:

Shops:
D:2 !


Message History

No target in view!
No target in view!
You see here a bat corpse.
i - a scroll labelled TUAXZUEPSE Welcome back, Crownlay the Hill Orc Fighter.
Press ? for a list of commands and other information.
You see here 11 bolts.
j - a wand of digging (5)
Found 29 bolts.
A dart slug comes into view.
An iguana comes into view.
Found an amethyst potion.
You hit the iguana but do no damage.
The iguana bites you but does no damage.
The iguana bites you.
You slash the iguana!
The iguana is heavily wounded.
The iguana bites you.
You hit the iguana but do no damage.
The iguana is heavily wounded.
You hit the dart slug. The iguana bites you!
Your scale mail prevents you from hitting the iguana.
The iguana is heavily wounded.
You hit the dart slug. The iguana bites you! The dart slug misses you.
The iguana bites you.
* * * LOW HITPOINT WARNING * * *
You are too injured to fight recklessly!
You are too injured to fight recklessly!
You are too injured to fight recklessly!
You are too injured to fight recklessly!
You hit the dart slug.
You kill the dart slug!
You hit the iguana but do no damage. The iguana barely misses you.
You hit the iguana.
The iguana is severely wounded.
The iguana barely misses you.
You hit the iguana but do no damage.
The iguana is severely wounded.
The iguana closely misses you. The iguana bites you!
You die...

... ..... #####.##.....
# ............
..........##..........#
......###.#.....(.....#
.....................#
.......##.##........!#
......#.........###..#
.....##.#......#@l...#
.................##...#
......#.......#### ..#
†...#....#...## .
....(..###.#.#
......####...#
......#....###
†..........#
............


You could see an iguana.

Vanquished Creatures
  A worm (D:2)
  3 dart slugs
  5 endoplasms
  2 giant cockroaches (D:1)
  4 goblins (D:1)
  A hobgoblin (D:1)
  5 jackals (D:1)
  2 quokkas (D:1)
  2 ball pythons
  2 bats
  2 kobolds (D:1)
  4 rats (D:1)
33 creatures vanquished.

Notes
Turn   | Place    | Note
-------+----------+-------------------------------------------
     0 | D:1      | Crownlay the Hill Orc Fighter began the quest for the Orb.
     0 | D:1      | Reached XP level 1. HP: 19/19 MP: 1/1
    56 | D:1      | Reached XP level 2. HP: 27/27 MP: 2/2
   564 | D:1      | Reached XP level 3. HP: 33/33 MP: 3/3
  1036 | D:2      | Found Zoicig's Distillery.
  1226 | D:2      | Slain by an iguana

Illustrated notes

Levels and vault maps discovered:
D:1:      shiori_arrival_oz, layout_basic, item_on_display_a
D:2:      layout_rooms, serial_shops, nicolae_shop_crystal,
          shapermc_ecumenical_altar_pompeii, minmay_crystal_water

Skill      XL: |  1  2 |
---------------+-------+-----
Axes           | 3 4 |  4.5
Fighting       | 4 |  4.3
Armour         | |  3.2
Shields        | |  3.2

Action                   || total
-------------------------++-------
Melee: War axe           ||    84
Armor: Scale mail        ||    35
Dodge: Dodged            ||    44
